 Dungeon Sprint DCSS version 0.30-a0-1043-g60ff8d5f49 (webtiles) character file.

Game seed: 10397097099987509228

48 dduke234 the Fighter (level 6, -10/62 HPs)
             Began as a Ghoul Monk on Apr 10, 2023.
             Was an Initiate of Gozag.
             Mangled by a merfolk
             ... wielding a +0 trident
              (17 damage)
             ... in the Dungeon (Sprint VI: "Thunderdome").
             The game lasted 00:04:58 (360 turns).

dduke234 the Fighter (Ghoul Monk)                    Turns: 360, Time: 00:04:59

Health: -10/62     AC:  2    Str: 21    XL:     6   Next: 48%
Magic:  5/5        EV: 15    Int:  5    God:    Gozag
Gold:   289        SH:  0    Dex: 13    Spells: 5/5 levels left

rFire   . . .      SeeInvis .    l - +2 scythe (venom)
rCold   + . .      Faith    .    (shield currently unavailable)
rNeg    + + +      Spirit   .    a - +0 robe
rPois   ∞          Reflect  .    (no helmet)
rElec   .          Rampage  .    (no cloak)
rCorr   +          NoTele   +    (no gloves)
Will    .....                    (no boots)
Stlth   ++                       o - amulet of Itugrol {-Tele rPois Regen+ rCorr Str+6}
HPRegen 0.00/turn                m - ring "Muagosh" {Fly rN+ rCorr}
MPRegen 0.09/turn                (no ring)

@: flying, inhibited regen
A: claws 1, cold resistance 1, negative energy resistance 3, inhibited
regeneration, torment resistance 2, devour on kill
a: Renounce Religion, Potion Petition, Call Merchant, Bribe Branch


You were in the Dungeon.
You worshipped Gozag.
Gozag was aware of your devotion.
You visited 1 branch You collected 424 gold pieces.
You spent 135 gold pieces at shops.

Inventory:

Hand Weapons
 l - a +2 scythe of venom (weapon)
Armour
 a - a +0 robe (worn)
Jewellery
 m - the ring "Muagosh" (left claw) {Fly rN+ rCorr}
   (You bought it in a shop in the Dungeon)

   [ring of positive energy]

   rN:        It protects you from negative energy.
   Fly:       It grants you flight.
   rCorr:     It protects you from acid and corrosion.
 n - the ring "Obliatz" {Ice +Blink rCorr Dex+3 Slay-2}
   (You bought it in a shop in the Dungeon)

   [ring of ice]

   It enhances your ice magic.
   Dex:       It affects your dexterity (+3).
   Slay:      It affects your accuracy & damage with ranged weapons and melee
   (-2).
   rF:        It makes you vulnerable to fire.
   rC:        It protects you from cold.
   +Blink:    It lets you blink.
   rCorr:     It protects you from acid and corrosion.
 o - the amulet of Itugrol (around neck) {-Tele rPois Regen+ rCorr Str+6}
   (You bought it in a shop in the Dungeon)

   [amulet of regeneration]

   Str:       It affects your strength (+6).
   rPois:     It protects you from poison.
   -Tele:     It prevents most forms of teleportation.
   Regen:     It increases your rate of health regeneration.
   rCorr:     It protects you from acid and corrosion.
Wands
 i - a wand of acid (3)
 j - a wand of iceblast (3)
Scrolls
 g - 4 scrolls of blinking
 k - 3 scrolls of fog
Potions
 b - a potion of ambrosia
 c - a potion of curing
 d - 4 potions of heal wounds
 e - 4 potions of haste
 f - 2 potions of magic
 h - a potion of resistance


   Skills:
 + Level 8.7 Fighting
 + Level 2.9 Polearms
 + Level 7.2 Dodging
 + Level 3.6 Stealth
 + Level 8.3 Unarmed Combat
 + Level 1.0 Evocations


You had 5 spell levels left.
You didn't know any spells.
Your spell library was empty.

Dungeon Overview and Level Annotations

Branches:
Dungeon (1/1)

Altars:
Cheibriados
Dithmenos
Fedhas
Gozag
Kikubaaqudgha
Makhleb
Okawaru
Qazlal
Ru
Sif Muna
Trog
Uskayaw
Vehumet
Wu Jian
Xom
Yredelemnul
Lugonu

Shops:
D *[??*?*:[((!!!!


Innate Abilities, Weirdness & Mutations

You are immune to poison.
You have sharp fingernails.
Your flesh is cold resistant. (rC+)
You are immune to negative energy. (rN+++)
You do not regenerate when monsters are visible.
You are immune to unholy pain and torment.
You thrive by killing the living.


Message History

You puncture the wyvern!
You kill the wyvern!
Your Fighting skill increases to level 8!
Your Polearms skill gained 2 levels and is now at level 2!
Your Dodging skill increases to level 7!
Your Unarmed Combat skill increases to level 8!
Your Evocations skill increases to level 1!
You have reached level 6!
You now have 289 gold pieces (gained 144).
You see here an adder skeleton.
A merfolk comes into view. It is wielding a +0 trident.
The merfolk shouts!
The merfolk throws a boomerang.
The boomerang closely misses you.
The merfolk throws a boomerang.
The boomerang barely misses you.
Aiming: Corrosive Bolt
Press: ? - help, Shift-Dir - straight line, f - merfolk
Aim: a merfolk, wielding a +0 trident and quivering boomerangs (64% to hit)
The bolt of acid hits the merfolk!
The acid corrodes the merfolk!
The merfolk is lightly wounded.
The merfolk hits you from afar with a +0 trident!
The merfolk misses you.
You puncture the merfolk!
The merfolk is heavily wounded.
The merfolk barely misses you.
You hit the merfolk.
The merfolk is poisoned.
The merfolk is heavily wounded.
The merfolk hits you with a +0 trident!!
You puncture the merfolk!
The merfolk looks as sick as possible!
The merfolk is severely wounded.
The merfolk barely misses you.
The merfolk hits you with a +0 trident!!
* * * LOW HITPOINT WARNING * * *
You closely miss the merfolk.
The merfolk is severely wounded.
The merfolk completely misses you.
You closely miss the merfolk.
The merfolk is almost dead.
The merfolk hits you with a +0 trident!
You die...
Your body crumbles into a pile of gold.

⌠..........# #.<.# #..........⌠#
⌠..........###...###..........⌠#
#.........[...###.............##
###∩........8.# #.8........∩###
##∩._.......###......___∩##
######.8.........8.######
#⌠...........⌠# ###.........###
#_)...@.._# #_....m.._#
#_........# #∩.......∩#
##∩.....∩## ##.....## ##⌠⌠⌠##
#####


You could see a merfolk (extremely poisoned, corroded).

Vanquished Creatures
  Sigmund (D)
  A wyvern (D)
  A river rat (D)
  An adder (D)
  An endoplasm (D)
  A goblin (D)
  2 quokkas (D)
  A bat (D)
  2 rats (D)
11 creatures vanquished.

Notes
Turn   | Place    | Note
-------+----------+-------------------------------------------
     0 | D        | dduke234 the Ghoul Monk began the quest for the Orb.
     0 | D        | Reached XP level 1. HP: 19/19 MP: 0/0
     3 | D        | Found a shimmering blue altar of Sif Muna.
     5 | D        | Found a hide-covered altar of Uskayaw.
     5 | D        | Round 1.
     6 | D        | Found an ancient bone altar of Kikubaaqudgha.
     6 | D        | Found a burning altar of Makhleb.
     7 | D        | Found a blossoming altar of Fedhas.
     8 | D        | Found a snail-covered altar of Cheibriados.
     8 | D        | Found a stormy altar of Qazlal.
     8 | D        | Found Deubbouch's Weapon Rack.
     8 | D        | Found Pyiwenud's Premium Goods.
     9 | D        | Found Leczuble's Basic Armour.
     9 | D        | Found Bomopp's Miscellaneous Merchandise.
    18 | D        | Found a shadowy altar of Dithmenos.
    19 | D        | Noticed Sigmund
    21 | D        | Found Citoske's Identification Station.
    23 | D        | Killed Sigmund
    24 | D        | Reached XP level 2. HP: 34/34 MP: 1/1
    24 | D        | Reached XP level 3. HP: 39/39 MP: 2/2
    24 | D        | Reached XP level 4. HP: 47/47 MP: 3/3
    24 | D        | Reached XP level 5. HP: 52/52 MP: 4/4
    25 | D        | Found Qiluem's Advanced Armour.
    25 | D        | Found Kaseti's Jewellery.
    26 | D        | Found a radiant altar of Vehumet.
    71 | D        | Found a shimmering altar of Xom.
    73 | D        | Found a bloodstained altar of Trog.
    74 | D        | Found a corrupted altar of Lugonu.
    91 | D        | Arena points: 12 (+12) [x2]
   116 | D        | Bought a clouded wooden ring for 45 gold pieces
   116 | D        | Identified the ring "Muagosh" {Fly rN+ rCorr} (You bought
                  | it in a shop in the Dungeon)
   116 | D        | Bought a brightly glowing silver ring for 45 gold pieces
   116 | D        | Identified the ring "Obliatz" {Ice +Blink rCorr Dex+3
                  | Slay-2} (You bought it in a shop in the Dungeon)
   116 | D        | Bought a sparkling silver amulet for 45 gold pieces
   116 | D        | Identified the amulet of Itugrol {-Tele rPois Regen+ rCorr
                  | Str+6} (You bought it in a shop in the Dungeon)
   126 | D        | Round 2.
   133 | D        | Found Juklil's Magic Scroll Shop.
   138 | D        | Found Kaoxt's Magic Scroll Shop.
   138 | D        | Found Fuqeskuyx's Must-Have Magic.
   139 | D        | Found an ornate altar of the Wu Jian Council.
   139 | D        | Found a sacrificial altar of Ru.
   139 | D        | Found Tuxanufic's Staff Store.
   180 | D        | Arena points: 48 (+36) [x3]
   229 | D        | Found an iron altar of Okawaru.
   230 | D        | Found Perof's Do-It-Yourself Clinic.
   232 | D        | Found Duto's Bottled Wisdom.
   232 | D        | Found Duxetiw's Distillery.
   238 | D        | Found a basalt altar of Yredelemnul.
   238 | D        | Found Femew's Distillery.
   238 | D        | Found an opulent altar of Gozag.
   243 | D        | Round 3.
   251 | D        | Became a worshipper of Gozag Ym Sagoz the Greedy
   266 | D        | Noticed a wyvern
   272 | D        | Killed a wyvern
   273 | D        | Reached skill level 1 in Evocations
   273 | D        | Reached XP level 6. HP: 58/62 MP: 5/5
   348 | D        | Noticed a merfolk
   360 | D        | Mangled by a merfolk

Illustrated notes

Levels and vault maps discovered:
D:        arena_sprint

Skill      XL: |  1  2  3  4  5 |
---------------+----------------+-----
Fighting       | 7 8 |  8.7
Dodging        | 6 7 |  7.2
Stealth        | 3 |  3.6
Unarmed Combat | 7 8 |  8.3
Polearms       | 2 |  2.9
Evocations     | 1 |  1.0

Action                     |  1- 3 |  4- 6 || total
---------------------------+-------+-------++-------
  Melee: Halberd           |       |    30 ||    30
  Evoke: Wand              |     2 |     2 ||     4
 Armour: Robe              |       |     4 ||     4
  Dodge: Dodged            |       |    25 ||    25

Table legend: (Time is in decaauts)
 A = Elapsed time spent in this place.
 B = Non-inter-level travel time spent in this place.
 C = Inter-level travel time spent in this place.
 D = Time resting spent in this place.
 E = Time spent auto-exploring this place.
 F = Levels seen in this place.
 G = Mean time per level.
                   A        B        C        D        E       F      G
               +--------+--------+--------+--------+--------+-----+--------+
         Total |    372 |    372 |      0 |      0 |      7 |   1 |  372.0 |
       Dungeon |    372 |    372 |      0 |      0 |      7 |   1 |  372.0 |
               +--------+--------+--------+--------+--------+-----+--------+

Top non-repeatable levels by time:
       D: 372 daAuts
